Construct Medical Station
Selects Advanced Infantry Battlegroup
Selects Advanced Infantry Battlegroup
Selects Advanced Infantry Battlegroup
Selects Convert to Ranger Squad
Construct Weapon Support Center
Selects Frontline Medical Station
Improved M9 Bazooka Rockets
Selects Ranger Weapon Training
Selects Ammunition Storage
Selects M2A1 105mm Howitzer Emplacement
M18 Hellcat Tank Destroyer
M18 Hellcat Tank Destroyer
Selects 155mm Rapid Artillery Barrage
M18 Hellcat Tank Destroyer
155mm Rapid Artillery Barrage
Frontline Medical Station
155mm Rapid Artillery Barrage